 Dungeon Crawl Stone Soup version 0.26-a0-34-g9e0bf03589 (webtiles) character file.

Game seed: 8388706353032707621, levelgen mode: deterministic

295008 Essalna the Warrior (level 20, -3/131 HPs)
             Began as a Gargoyle Ice Elementalist on May 28, 2020.
             Was the Champion of Vehumet.
             Killed from afar by a deep elf annihilator (40 damage)
             ... with an iron shot
             ... on level 3 of the Elven Halls on May 29, 2020.
             The game lasted 02:51:04 (41487 turns).

Essalna the Warrior (Gargoyle Ice Elementalist)    Turns: 41487, Time: 02:51:04

Health: -3/131     AC: 42    Str: 16    XL:     20   Next: 87%
Magic:  47/47      EV: 16    Int: 24    God:    Vehumet [******]
Gold:   2387       SH: 14    Dex: 10    Spells: 15/47 levels left

rFire    + + +     SeeInvis +   j - +6 spear "Jellyslayer" {freeze, MR+}
rCold    . . .     Gourm    .   P - +2 kite shield
rNeg     + . .     Faith    .   b - +5 ring mail "Etatyin" {rPois MR+}
rPois    ∞         Spirit   .   K - +2 helmet {SInv}
rElec    +         Reflect  .   f - +2 cloak
rCorr    .         Harm     .   V - +2 pair of gloves {Str+3}
MR       +++..                  I - +1 pair of boots
Stlth    +.........             O - amulet of Avowukk {rF++ Regen+ Slay+3}
HPRegen  0.71/turn              T - ring of protection from fire
MPRegen  0.30/turn              E - ring of magical power

@: flying
A: big wings, negative energy resistance 1, electricity resistance, unbreathing,
petrification resistance, rot immunity, AC +15
}: 2/15 runes: serpentine, barnacled
a: Stop Flying, Renounce Religion


You were on level 3 of the Elven Halls.
You worshipped Vehumet.
Vehumet was exalted by your worship.
You were not hungry.

You visited 7 branches of the dungeon, and saw 35 of its levels.
You also visited: Ossuary and Ice Cave.

You collected 3650 gold pieces.
You spent 1263 gold pieces at shops.

Inventory:

Hand Weapons
 j - the +6 spear "Jellyslayer" (weapon) {freeze, MR+}
   (You found it on level 4 of the Shoals)

   It has been specially enchanted to freeze those struck by it, causing extra
   injury to most foes and up to half again as much damage against particularly
   susceptible opponents.
   It can also slow down cold-blooded creatures.
   It affects your resistance to hostile enchantments.
 U - the +9 short sword of Salt {protect, +Rage}
   (You bought it in a shop on level 11 of the Dungeon)

   It grants its wielder temporary protection when it strikes (+7 to AC).
   It lets you go berserk.
Armour
 b - the +5 ring mail "Etatyin" (worn) {rPois MR+}
   (You found it on level 5 of the Lair of Beasts)

   It protects you from poison.
   It affects your resistance to hostile enchantments.
 f - a +2 cloak (worn)
 g - the +27 Lear's hauberk
   (You acquired it on level 5 of the Lair of Beasts)
 s - a +2 robe of resistance
 B - the +6 ice dragon scales of Tomorrow {Harm rF- rC++ MP+9}
   (You found it in an ice cave)

   It makes you vulnerable to fire.
   It greatly protects you from cold.
   It affects your magic capacity (+9).
   It increases damage dealt and taken.
 F - the +0 tower shield "Zeukh" {rN+}
   (You bought it in a shop on level 1 of the Elven Halls)

   It protects you from negative energy.
 I - a +1 pair of boots (worn)
 K - a +2 helmet of see invisible (worn)
 P - a +2 kite shield (worn)
 V - a +2 pair of gloves of strength (worn)
Magical Staves
 o - an uncursed staff of earth
 S - an uncursed staff of fire
Jewellery
 i - a +6 ring of intelligence
 u - an uncursed ring of protection from cold
 E - a ring of magical power (right hand)
 G - an uncursed amulet of magic regeneration
 H - a +4 ring of evasion
 J - the amulet "Tyzaoq" {Acrobat rN+ Int+6}
   (You found it on level 3 of the Snake Pit)

   [amulet of the acrobat]

   It helps you evade while moving and waiting.
   It affects your intelligence (+6).
   It protects you from negative energy.
 O - the amulet of Avowukk (around neck) {rF++ Regen+ Slay+3}
   (You found it on level 13 of the Dungeon)

   [amulet of regeneration]

   It affects your accuracy and damage with ranged weapons and melee attacks
   (+3).
   It greatly protects you from fire.
   It increases your rate of regeneration.
 Q - the amulet of Vitality {Regen+ HP+15}
   (You found it on level 3 of the Snake Pit)

   [amulet of regeneration]

   It affects your health (+15).
   It increases your rate of regeneration.
 T - a ring of protection from fire (left hand)
 W - a +4 ring of protection
Scrolls
 e - 6 scrolls of identify
 h - 7 scrolls of enchant armour
 k - 4 scrolls of amnesia
 n - 15 scrolls of remove curse
 p - 6 scrolls of teleportation
 w - 3 scrolls of fear
 M - 3 scrolls of enchant weapon
 N - 2 scrolls of blinking
 R - 2 scrolls of fog
 Y - a scroll of brand weapon
 Z - 6 scrolls of magic mapping
Potions
 d - 5 potions of might
 l - 5 potions of heal wounds
 m - 14 potions of curing
 q - 7 potions of brilliance
 r - 7 potions of cancellation
 t - a potion of resistance
 v - 6 potions of invisibility
 x - 7 potions of mutation
 z - 10 potions of haste
 A - 7 potions of stabbing
 C - 2 potions of magic
 D - a potion of ambrosia
 L - 9 potions of berserk rage
Comestibles
 a - a chunk of flesh
 c - 58 rations


   Skills:
 + Level 15.9 Fighting
 + Level 15.8 Armour
 + Level 12.8 Dodging
 - Level 2.1 Stealth
 + Level 13.6 Shields
 + Level 14.0 Spellcasting
 - Level 6.0 Conjurations
 + Level 15.2 Ice Magic
 + Level 9.5 Earth Magic
 - Level 5.0 Evocations


You had 15 spell levels left.
You knew the following spells:

 Your Spells              Type           Power        Failure   Level  Hunger
a - Freeze                Ice            ####         0%          1    None
b - Frozen Ramparts       Ice            ######       1%          3    None
c - Hailstorm             Conj/Ice       ######..     1%          4    None
d - Ozocubu's Refrigerat  Ice            ######....   1%          6    #####..
e - Orb of Destruction    Conj           #####.....   71%         7    ######.
f - Swiftness             Chrm/Air       ###.....     10%         2    None
g - Shatter               Erth           ######....   100%        9    #######

Your spell library contained the following spells:

 Spells                   Type           Power        Failure   Level  Hunger
 Lehudib's Crystal Spear  Conj/Erth      ######....   98%         8    #######
 Chain Lightning          Conj/Air       ####......   100%        8    #######
 Tornado                  Air            ###.......   100%        9    #######
 Sandblast                Erth           ######       1%          1    None
 Passwall                 Tmut/Erth      #####...     1%          2    None
 Ozocubu's Armour         Chrm/Ice       ######..     1%          3    None
 Stone Arrow              Conj/Erth      ######       1%          3    None
 Lee's Rapid Deconstruct  Erth           ######....   1%          5    ###....
 Ice Form                 Ice/Tmut       ######..     2%          4    None
 Summon Ice Beast         Ice/Summ       ######..     2%          4    None
 Ignite Poison            Fire/Tmut/Pois ###.....     5%          3    None
 Bolt of Magma            Conj/Fire/Erth #####.....   5%          5    ###....
 Animate Skeleton         Necr           N/A          6%          1    None
 Apportation              Tloc           ###...       6%          1    None
 Beastly Appendage        Tmut           ###...       6%          1    None
 Pain                     Necr           ###.         6%          1    None
 Summon Butterflies       Summ           ###.....     6%          1    None
 Summon Small Mammal      Summ           ###.         6%          1    None
 Leda's Liquefaction      Hex/Erth       #####.....   9%          4    None
 Petrify                  Tmut/Erth      #####...     9%          4    None
 Blink                    Tloc           N/A          10%         2    None
 Call Imp                 Summ           ###.....     10%         2    None
 Corpse Rot               Necr/Air       N/A          10%         2    None
 Shroud of Golubria       Chrm/Tloc      ###...       10%         2    None
 Sticks to Snakes         Tmut           ###.....     10%         2    None
 Iron Shot                Conj/Erth      ######....   11%         6    #####..
 Irradiate                Conj/Tmut      ####......   13%         5    ###....
 Call Canine Familiar     Summ           ###.....     19%         3    None
 Gell's Gravitas          Tloc           ###.......   19%         3    None
 Lesser Beckoning         Tloc           ###.......   19%         3    None
 Recall                   Summ/Tloc      N/A          19%         3    None
 Spider Form              Tmut/Pois      ###.......   19%         3    None
 Summon Guardian Golem    Hex/Summ       ###.....     19%         3    None
 Teleport Other           Tloc           ###.....     19%         3    None
 Tukima's Dance           Hex            ###.....     19%         3    None
 Vampiric Draining        Necr           ###.......   19%         3    None
 Yara's Violent Unravell  Hex/Tmut       ###.......   38%         5    ###....
 Animate Dead             Necr           N/A          52%         4    None
 Cause Fear               Hex            ###.......   52%         4    None
 Passage of Golubria      Tloc           N/A          52%         4    None
 Summon Lightning Spire   Summ/Air       ###.....     52%         4    None
 Agony                    Necr           ###.....     86%         5    ###....
 Alistair's Intoxication  Tmut/Pois      ###.....     86%         5    ###....
 Blade Hands              Tmut           ###.......   86%         5    ###....
 Silence                  Hex/Air        ###.......   86%         5    ###....
 Darkness                 Hex            ###.......   100%        6    #####..
 Eringya's Noxious Bog    Tmut/Pois      ###.......   100%        6    #####..
 Invisibility             Hex            ###.....     100%        6    #####..
 Summon Hydra             Summ           ###.......   100%        7    ######.
 Discord                  Hex            ###.......   100%        8    #######
 Sublimation of Blood     Necr           Unusable     N/A         2    N/A
 Statue Form              Tmut/Erth      Unusable     N/A         6    N/A

Dungeon Overview and Level Annotations

Branches:
Dungeon (15/15)            Temple (1/1) D:7            Lair (6/6) D:10
 Shoals (4/4) Lair:4        Snake (4/4) Lair:3        Slime (0/5) Lair:6
    Orc (2/2) D:10            Elf (3/3) Orc:2        Vaults (0/5) D:14
 Depths (0/5) D:15        Ossuary (visited)           IceCv (visited)

Altars:
Ashenzari
Cheibriados
Dithmenos
Elyvilon
Fedhas
Gozag
Hepliaklqana
Kikubaaqudgha
Makhleb
Okawaru
Qazlal
Sif Muna
Trog
Uskayaw
Vehumet
Xom
Yredelemnul
Zin
The Shining One
Beogh
Jiyva

Shops:
D:4 =   D:7 (   D:9 =   D:11 ([!*[   Orc:2 :([*   Elf:1 [

Annotations:
D:6 1 exclusion
D:8 2 transporters, mora's ghost, novice FoFi
Shoals:1 exclusion: oklob plant


Innate Abilities, Weirdness & Mutations

You are resistant to torment.
Your stone body is resilient. (AC +15)
You are immune to poison.
Your large and strong wings let you fly indefinitely.
You resist negative energy. (rN+)
You are resistant to electric shocks. (rElec)
You can survive without breathing.
You are immune to petrification.
You are immune to rotting.


Message History

You closely miss the deep elf annihilator.
The deep elf annihilator is almost dead.
The deep elf annihilator points at you and mumbles some strange words.
The bolt of lightning hits you. You resist.
Attack whom?
Press: ? - help, Dir - move target cursor, f/p - deep elf annihilator
Aim: a deep elf annihilator, wielding a -3 rapier, wearing a +0 chain mail and wearing the ring of the Heavens {rPois rN+ Str+7 Dex-3 SInv} (almost dead)
You reach to attack!
You closely miss the deep elf annihilator.
The deep elf annihilator is almost dead.
You hit the deep elf annihilator but do no damage.
The deep elf annihilator is almost dead.
The frozen ramparts melt away.
The deep elf annihilator gestures at you while chanting.
The crystal spear hits you!!!!
Ouch! That really hurt!
* * * LOW HITPOINT WARNING * * *
The deep elf annihilator points at you and mumbles some strange words.
The iron shot hits you!!!
You die...

..........)######'##
...........#.......##
....................##
............).)......##
......................#
............=).......##
.........)..........##
......<.........e..##
############...)@.##
#####''# #..# #..# #)(#
#(.# ##)(# #.(.# #)(##


You could see a deep elf annihilator.

Vanquished Creatures
  Saint Roka (Orc:2)
  A golden dragon (shapeshifter) (D:15)
  4 deep elf blademasters
  2 deep elf master archers (Elf:3)
  Kirke (Snake:1)
  Ilsuiw (Shoals:2)
  7 nagarajas
  4 deep elf sorcerers (Elf:3)
  Aizul (Snake:2)
  3 deep elf elementalists (Elf:3)
  2 orc warlords
  2 entropy weavers (D:13)
  4 deep elf demonologists
  4 deep elf annihilators (Elf:3)
  3 deep elf death magi (Elf:3)
  The ghost of Napalmbreeze the Thaumaturge, a journeyman GnWr of Makhleb (Lair:2)
  5 merfolk javelineers
  Josephine (Lair:4)
  5 merfolk impalers (Shoals:4)
  2 deep elf high priests (Elf:3)
  A fire dragon (D:9)
  Harold (D:8)
  16 naga warriors
  4 hydras
  Erolcha (Orc:2)
  8 anacondas
  An alligator snapping turtle (Shoals:2)
  5 catoblepae
  3 centaur warriors
  A merfolk avatar (Shoals:3)
  3 merfolk aquamancers (Shoals:4)
  A queen ant (D:13)
  4 satyrs
  27 dancing weapons
  4 tengu warriors
  Erica (D:11)
  The ghost of iamserjio the Fighter, a novice OpWn of Okawaru (D:9)
  4 two-headed ogres
  2 orc high priests
  22 naga sharpshooters
  6 death yaks (Lair:6)
  Urug (D:11)
  Sonja (Orc:2)
  16 deep elf knights
  9 shock serpents
  2 fire crabs
  A fire crab (shapeshifter) (D:15)
  8 sea snakes
  7 salamander mystics
  An unseen horror (D:13)
  3 skeletal warriors (D:15)
  An unseen horror (shapeshifter) (D:13)
  A glowing orange brain (D:15)
  13 deep elf archers
  Pikel (D:7)
  7 naga ritualists
  12 harpies
  3 orc knights (Orc:2)
  14 mana vipers
  20 ugly things
  The ghost of iamserjio the Skirmisher, a novice OpCK of Xom (D:6)
  8 cyclopes
  15 salamanders
  3 orc sorcerers (Orc:2)
  10 fauns
  55 deep elf magi
  2 oklob plants (Lair:4)
  22 slime creatures
  12 manticores
  A moth of wrath (D:9)
  7 guardian serpents
  28 black mambas
  3 elephants (Lair:6)
  5 centaur zombies
  3 water nymphs
  13 merfolk sirens
  3 ice statues (IceCv)
  18 naga magi
  Joseph (D:10)
  11 spiny frogs
  Psyche (D:12)
  4 centaur skeletons
  2 efreet
  2 kobold demonologists (D:13)
  A tengu conjurer (D:15)
  5 komodo dragons
  A redback zombie (D:15)
  9 trolls
  26 merfolk
  2 queen bees
  6 wind drakes
  3 hornets
  2 polar bears
  A meliai (Lair:2)
  7 snapping turtles
  8 blink frogs
  11 dream sheep
  9 hippogriffs
  2 centaur simulacra
  A hippogriff (shapeshifter) (D:14)
  8 water elementals
  5 air elementals
  A spriggan (shapeshifter) (D:15)
  2 fire elementals
  A tarantella (shapeshifter) (D:14)
  6 wyverns
  63 yaks
  A vampire (D:11)
  7 wraiths
  5 hogs (Snake:1)
  A steam dragon (Lair:4)
  3 hungry ghosts
  6 basilisks
  9 vampire mosquitoes
  6 wargs
  A soldier ant (shapeshifter) (D:14)
  4 soldier ants
  77 nagas
  13 water moccasins
  An acid dragon (D:13)
  9 porcupines
  47 orc warriors
  A hornet zombie (D:15)
  8 ice beasts
  2 necrophages
  6 sky beasts
  2 black bears (D:8)
  13 ogres
  3 slaves (D:7)
  4 phantoms
  11 centaurs
  6 crocodiles
  2 big kobolds
  Blork the orc (D:5)
  13 bullfrogs
  An earth elemental (Elf:2)
  3 wyvern zombies
  3 water moccasin zombies (Ossuary)
  4 scorpions
  30 killer bees
  7 wights
  7 howler monkeys
  5 electric eels
  A bullfrog zombie (D:8)
  2 crimson imps
  A quasit (D:6)
  9 hounds
  5 jellies
  43 orc wizards
  35 orc priests
  4 bullfrog skeletons
  2 iguanas
  Natasha (thrice) (D:4)
  34 worker ants
  3 big kobold zombies (Ossuary)
  A hound skeleton (D:5)
  2 mummies (Ossuary)
  4 gnolls (D:2)
  A howler monkey skeleton (D:4)
  10 adders
  4 shadow imps
  12 white imps (D:15)
  3 oozes
  10 adder zombies
  2 worms
  A dart slug (D:1)
  9 leopard geckos
  118 orcs
  5 ball pythons
  8 bats
  8 giant cockroaches
  4 goblins
  15 hobgoblins
  6 jackals
  17 kobolds
  4 quokkas
  6 frilled lizards
  A giant cockroach zombie (D:5)
  3 gnoll zombies (Ossuary)
  A goblin zombie (D:6)
  5 hobgoblin zombies (Ossuary)
  A jackal zombie (D:5)
  2 kobold zombies (Ossuary)
  A leopard gecko skeleton (D:6)
  6 orc zombies (Ossuary)
  A quokka zombie (D:6)
  4 rats
  8 fungi
  81 plants
1529 creatures vanquished.

Vanquished Creatures (others)
  A naga ritualist (Snake:4)
  An air elemental (Elf:3)
  A killer bee (D:8)
  A hound (D:5)
  A worker ant (D:5)
  An adder (D:8)
  2 orcs (D:8)
  A quokka (D:8)
  3 fungi (Lair:4)
  2 plants
14 creatures vanquished.

Grand Total: 1543 creatures vanquished

Notes
Turn   | Place    | Note
-------+----------+-------------------------------------------
     0 | D:1      | Essalna the Gargoyle Ice Elementalist began the quest for
                  | the Orb.
     0 | D:1      | Reached XP level 1. HP: 10/10 MP: 3/3
   291 | D:1      | Reached XP level 2. HP: 16/16 MP: 5/5
   360 | D:1      | Reached skill level 1 in Fighting
   615 | D:1      | Reached XP level 3. HP: 16/20 MP: 6/6
  1141 | D:2      | Found a bloodstained altar of Trog.
  1429 | D:2      | Reached XP level 4. HP: 26/26 MP: 8/8
  1452 | D:2      | Learned a level 3 spell: Frozen Ramparts
  1884 | D:2      | Reached XP level 5. HP: 25/31 MP: 9/9
  2517 | D:3      | Found a basalt altar of Yredelemnul.
  2761 | D:3      | Reached skill level 1 in Armour
  2797 | D:3      | Reached skill level 5 in Ice Magic
  3042 | D:4      | Noticed a phantom
  3254 | D:4      | Killed a phantom
  3254 | D:4      | Reached XP level 6. HP: 37/37 MP: 7/11
  3520 | D:4      | Noticed Natasha
  3527 | D:4      | Killed Natasha
  3536 | D:4      | Found Oxaijo Pebba's Jewellery Shoppe.
  3548 | D:4      | Reached XP level 7. HP: 40/41 MP: 8/12
  3816 | D:4      | Noticed Natasha
  3821 | D:4      | Killed Natasha
  3955 | D:4      | Noticed Natasha
  3967 | D:4      | Killed Natasha
  4151 | D:5      | Entered Level 5 of the Dungeon
  4166 | D:5      | Found a shimmering altar of Xom.
  4229 | D:5      | Reached XP level 8. HP: 33/48 MP: 14/14
  4467 | D:5      | Noticed Blork the orc
  4479 | D:5      | Killed Blork the orc
  4667 | D:5      | Reached skill level 5 in Fighting
  5527 | D:6      | Reached skill level 5 in Spellcasting
  5549 | D:6      | Reached XP level 9. HP: 37/54 MP: 9/16
  5599 | D:6      | Reached skill level 5 in Armour
  5703 | D:6      | Found a sand-covered staircase.
  5719 | Ossuary  | Entered an ossuary
  6277 | D:6      | Found a runed translucent door.
  6277 | D:6      | Found a shimmering altar of Xom.
  6277 | D:6      | Noticed iamserjio's ghost (novice OpCK)
  6277 | D:6      | Noticed a +2 trident of chaos
  6303 | D:6      | Found a hide-covered altar of Uskayaw.
  6404 | D:6      | Got a pitted bardiche
  6896 | D:7      | Found a stormy altar of Qazlal.
  7244 | D:7      | Found a staircase to the Ecumenical Temple.
  7252 | Temple   | Entered the Ecumenical Temple
  7359 | Temple   | Became a worshipper of Vehumet
  7768 | D:7      | Reached skill level 5 in Dodging
  7768 | D:7      | Reached XP level 10. HP: 61/61 MP: 19/19
  7982 | D:7      | Identified the +4 bardiche of Courage {freeze, +Inv Str+4
                  | Dex-4 Stlth+} (You found it on level 6 of the Dungeon)
  8096 | D:7      | Found Uraw's Antique Weapon Shop.
  8138 | D:7      | Bought a jewelled scimitar for 270 gold pieces
  8138 | D:7      | Identified the +9 scimitar "Goco" {vorpal, rN+ MR- Int+3}
                  | (You bought it in a shop on level 7 of the Dungeon)
  8347 | D:7      | Noticed Pikel
  8358 | D:7      | Killed Pikel
  8649 | D:8      | Reached * piety under Vehumet
  8649 | D:8      | Offered knowledge of Sandblast by Vehumet.
  8874 | D:8      | Offered knowledge of Shock by Vehumet.
  9055 | D:8      | Found a transporter.
  9056 | D:8      | Found a transporter.
  9057 | D:8      | Found a bloodstained altar of Trog.
  9057 | D:8      | Noticed a moth of wrath
  9057 | D:8      | Noticed mora's ghost (novice FoFi)
  9175 | D:8      | Noticed Harold
  9199 | D:8      | Killed Harold
  9199 | D:8      | Reached ** piety under Vehumet
  9199 | D:8      | Reached XP level 11. HP: 53/69 MP: 21/21
  9793 | D:8      | Upgraded the game from 0.26-a0-28-gc929df5585 to
                  | 0.26-a0-34-g9e0bf03589
  9916 | D:9      | Noticed a centaur warrior
  9917 | D:9      | Found a glowing silver altar of Zin.
  9917 | D:9      | Found a transporter.
  9917 | D:9      | Noticed a six-headed hydra
  9919 | D:9      | Noticed a cyclops
  9928 | D:9      | Found a transporter.
  9932 | D:9      | Noticed a fire dragon
  9938 | D:9      | Found a transporter.
  9942 | D:9      | Noticed iamserjio's ghost (novice OpWn)
  9942 | D:9      | Noticed an eight-headed hydra
 10023 | D:9      | Found a transporter.
 10053 | D:9      | Noticed a moth of wrath
 10102 | D:9      | Found a shimmering altar of Xom.
 10123 | D:9      | Found Edaloj Ros's Jewellery Boutique.
 10304 | D:10     | Entered Level 10 of the Dungeon
 10391 | D:10     | Found a staircase to the Orcish Mines.
 10627 | D:10     | Noticed Joseph
 10640 | D:10     | Killed Joseph
 10880 | D:10     | Found a staircase to the Lair.
 10926 | D:11     | Found Ihioh's Armour Emporium.
 10943 | D:11     | Learned a level 4 spell: Hailstorm
 11085 | D:11     | Bought a +0 buckler for 54 gold pieces
 11098 | D:11     | Found Vaxken's Distillery.
 11169 | D:11     | Noticed Erica
 11178 | D:11     | Killed Erica
 11178 | D:11     | Offered knowledge of Stone Arrow by Vehumet.
 11233 | D:11     | Reached skill level 1 in Shields
 11233 | D:11     | Reached skill level 1 in Conjurations
 11318 | D:11     | Found Mujeq's Antique Weapon Boutique.
 11322 | D:11     | Bought a masterwork short sword for 248 gold pieces
 11322 | D:11     | Identified the +9 short sword of Salt {protect, +Rage} (You
                  | bought it in a shop on level 11 of the Dungeon)
 11467 | D:11     | Noticed a green ugly thing
 11478 | D:11     | Killed a green ugly thing
 11561 | D:11     | Reached *** piety under Vehumet
 11852 | D:11     | Found Tewneg's General Store.
 11912 | D:11     | Found Jeon's Armour Emporium.
 11923 | D:11     | Noticed Urug
 11934 | D:11     | Killed Urug
 12021 | D:11     | Reached XP level 12. HP: 64/76 MP: 24/24
 12450 | D:11     | Offered knowledge of Conjure Flame by Vehumet.
 12726 | D:12     | Noticed a two-headed ogre
 12739 | D:12     | Killed a two-headed ogre
 13035 | D:12     | Noticed Psyche
 13042 | D:12     | Killed Psyche
 13216 | D:12     | Reached **** piety under Vehumet
 13218 | D:12     | Offered knowledge of Fireball by Vehumet.
 13442 | D:12     | Found a roughly hewn altar of Beogh.
 13727 | D:12     | You fall into a shaft and drop 2 floors!
 14125 | Lair:1   | Entered Level 1 of the Lair of Beasts
 14141 | Lair:1   | Noticed a six-headed hydra
 14159 | Lair:1   | Killed a six-headed hydra
 14159 | Lair:1   | Reached skill level 10 in Ice Magic
 14531 | Lair:1   | Reached skill level 10 in Fighting
 14541 | Lair:1   | Reached skill level 5 in Conjurations
 15368 | Lair:2   | Found a transporter.
 15377 | Lair:2   | Found a transporter.
 15379 | Lair:2   | Noticed Napalmbreeze's ghost (journeyman GnWr)
 15504 | Lair:2   | Reached XP level 13. HP: 74/82 MP: 25/25
 15677 | Lair:2   | Reached ***** piety under Vehumet
 16064 | Lair:3   | Offered knowledge of Ozocubu's Refrigeration by Vehumet.
 16072 | Lair:3   | Learned a level 6 spell: Ozocubu's Refrigeration
 16408 | Lair:3   | Reached skill level 10 in Armour
 16474 | Lair:3   | Found a staircase to the Snake Pit.
 17151 | Lair:4   | Noticed Josephine
 18095 | Lair:4   | Reached skill level 5 in Shields
 18271 | Lair:4   | Found a staircase to the Shoals.
 18394 | Lair:4   | Killed Josephine
 18934 | Lair:5   | Identified a scroll of acquirement
 18938 | Lair:5   | Found the +27 Lear's hauberk
 18940 | Lair:5   | Got the +27 Lear's hauberk
 18949 | Lair:5   | Got a faintly glowing ring mail
 18987 | Lair:5   | Identified the +5 ring mail "Etatyin" {rPois MR+} (You
                  | found it on level 5 of the Lair of Beasts)
 19369 | Lair:5   | Got a jewelled flail
 19370 | Lair:5   | Identified the +8 flail "Coil" {vorpal, +Inv rElec rC- rN+}
                  | (You found it on level 5 of the Lair of Beasts)
 19590 | Lair:6   | Entered Level 6 of the Lair of Beasts
 19616 | Lair:6   | Gained mutation: Your large and strong wings let you fly
                  | indefinitely. [Gargoyle growth]
 19616 | Lair:6   | Reached XP level 14. HP: 90/90 MP: 16/27
 19627 | Lair:6   | Offered knowledge of Freezing Cloud by Vehumet.
 20023 | Lair:6   | Reached skill level 10 in Spellcasting
 20108 | Lair:6   | Found a staircase to the Slime Pits.
 20108 | Lair:6   | Found a viscous altar of Jiyva.
 21190 | Orc:1    | Entered Level 1 of the Orcish Mines
 21359 | Orc:2    | Entered Level 2 of the Orcish Mines
 21359 | Orc:2    | Noticed Saint Roka
 21369 | Orc:2    | Killed Saint Roka
 21614 | Orc:2    | Offered knowledge of Iron Shot by Vehumet.
 21890 | Orc:2    | Noticed Erolcha
 21908 | Orc:2    | Killed Erolcha
 22001 | Orc:2    | Noticed an orc warlord
 22022 | Orc:2    | Killed an orc warlord
 22022 | Orc:2    | Reached XP level 15. HP: 88/96 MP: 7/29
 22141 | Orc:2    | Found a roughly hewn altar of Beogh.
 22153 | Orc:2    | Found Paquraejui's Antique Armour Emporium.
 22173 | Orc:2    | Found Waotueby's General Store.
 22179 | Orc:2    | Found Naomot's Book Emporium.
 22257 | Orc:2    | Found Vanloit's Antique Weapon Emporium.
 22298 | Orc:2    | Found a staircase to the Elven Halls.
 22410 | Orc:2    | Noticed Sonja
 22413 | Orc:2    | Killed Sonja
 22750 | Orc:2    | Bought a pair of runed boots for 225 gold pieces
 22750 | Orc:2    | Bought a polished leather armour for 210 gold pieces
 22765 | Orc:2    | Identified the +4 leather armour of Fortitude {*Slow +Blink
                  | rElec Int+4} (You bought it in a shop on level 2 of the
                  | Orcish Mines)
 23044 | Orc:1    | Noticed an orc warlord
 23048 | Orc:1    | Offered knowledge of Orb of Destruction by Vehumet.
 23057 | Orc:1    | Killed an orc warlord
 23239 | Orc:2    | Learned a level 7 spell: Orb of Destruction
 23927 | D:13     | Got a masterwork spear
 23931 | D:13     | Identified the +2 spear of Regicide {vorpal, Int+3} (You
                  | found it on level 13 of the Dungeon)
 23946 | D:13     | Got a flickering platinum amulet
 23947 | D:13     | Identified the amulet of Avowukk {rF++ Regen+ Slay+3} (You
                  | found it on level 13 of the Dungeon)
 25006 | D:14     | Found a radiant altar of Vehumet.
 25030 | D:14     | Offered knowledge of Lightning Bolt by Vehumet.
 25030 | D:14     | Reached skill level 10 in Dodging
 25563 | D:14     | Found a gate to the Vaults.
 25689 | D:15     | Entered Level 15 of the Dungeon
 25799 | D:15     | Found a frozen archway.
 25817 | IceCv    | Entered an ice cave
 26083 | IceCv    | Reached XP level 16. HP: 50/103 MP: 31/31
 26171 | IceCv    | Got warped ice dragon scales
 26182 | IceCv    | Identified the +6 ice dragon scales of Tomorrow {Harm rF-
                  | rC++ MP+9} (You found it in an ice cave)
 26462 | D:15     | Reached ****** piety under Vehumet
 26534 | D:15     | Offered knowledge of Conjure Ball Lightning by Vehumet.
 26731 | D:15     | Found a white marble altar of Elyvilon.
 27107 | D:15     | Reached skill level 1 in Evocations
 27108 | D:15     | Found a staircase to the Depths.
 27168 | D:15     | Noticed a shadow dragon
 27168 | D:15     | a frost giant changed into a shadow dragon
 27169 | D:15     | Noticed a golden dragon
 27169 | D:15     | a shadow dragon changed into a golden dragon
 27173 | D:15     | Noticed an iron giant
 27173 | D:15     | a golden dragon changed into an iron giant
 27179 | D:15     | Noticed a shadow dragon
 27179 | D:15     | an iron giant changed into a shadow dragon
 27272 | D:15     | Noticed a juggernaut
 27273 | D:15     | Noticed a golden dragon
 27273 | D:15     | a juggernaut changed into a golden dragon
 27279 | D:15     | Killed a golden dragon
 27638 | Shoals:1 | Entered Level 1 of the Shoals
 27656 | Shoals:1 | Reached skill level 10 in Shields
 27696 | Shoals:1 | Found a shadowy altar of Dithmenos.
 28300 | Shoals:1 | Offered knowledge of Ignition by Vehumet.
 28534 | Shoals:2 | Noticed Ilsuiw
 28563 | Shoals:2 | Killed Ilsuiw
 29010 | Shoals:2 | Reached XP level 17. HP: 109/109 MP: 32/32
 30453 | Shoals:4 | Entered Level 4 of the Shoals
 30671 | Shoals:4 | Identified Ucvoih's Disquisition on Spatial Sinister Magic
 30816 | Shoals:4 | Learned a level 2 spell: Swiftness
 30871 | Shoals:4 | Got a twisted spear
 30872 | Shoals:4 | Identified the +6 spear "Jellyslayer" {freeze, MR+} (You
                  | found it on level 4 of the Shoals)
 31444 | Shoals:4 | Got a barnacled rune of Zot
 31663 | Snake:1  | Entered Level 1 of the Snake Pit
 31674 | Snake:1  | Learned a level 9 spell: Shatter
 31851 | Snake:1  | Reached skill level 1 in Earth Magic
 32484 | Snake:1  | Noticed Kirke
 32489 | Snake:1  | Killed Kirke
 32692 | Snake:1  | Reached skill level 5 in Evocations
 32715 | Snake:1  | Reached XP level 18. HP: 116/116 MP: 34/34
 33284 | Snake:2  | Noticed Aizul
 33305 | Snake:2  | Killed Aizul
 33426 | Snake:2  | Offered knowledge of Lehudib's Crystal Spear by Vehumet.
 33426 | Snake:2  | Offered knowledge of Chain Lightning by Vehumet.
 33426 | Snake:2  | Offered knowledge of Tornado by Vehumet.
 33949 | Snake:3  | Got a faintly glowing emerald amulet
 33957 | Snake:3  | Identified the amulet "Tyzaoq" {Acrobat rN+ Int+6} (You
                  | found it on level 3 of the Snake Pit)
 33962 | Snake:3  | Found the amulet of Vitality {Regen+ HP+15}
 34460 | Snake:4  | Entered Level 4 of the Snake Pit
 34606 | Snake:4  | Reached skill level 5 in Earth Magic
 35060 | Snake:4  | Found a blossoming altar of Fedhas.
 35282 | Snake:4  | Reached XP level 19. HP: 113/122 MP: 36/36
 35365 | Snake:4  | Reached skill level 15 in Fighting
 35719 | Snake:4  | Got a serpentine rune of Zot
 36105 | Lair:2   | Killed Napalmbreeze's ghost
 36347 | D:9      | Killed iamserjio's ghost
 36347 | D:9      | Reached skill level 15 in Armour
 36824 | D:6      | Killed iamserjio's ghost
 37057 | Elf:1    | Entered Level 1 of the Elven Halls
 37246 | Elf:1    | Noticed a Hell Sentinel
 37306 | Elf:1    | Identified the Reference Book on Companions
 37972 | Elf:1    | Found Jyill's Antique Armour Emporium.
 37980 | Elf:1    | Bought a distressingly furry tower shield for 256 gold
                  | pieces
 37990 | Elf:1    | Identified the cursed +0 tower shield "Zeukh" {rN+} (You
                  | bought it in a shop on level 1 of the Elven Halls)
 38433 | Elf:2    | Found a runed translucent gate.
 38433 | Elf:2    | Found a runed translucent gate.
 38433 | Elf:2    | Found a runed translucent gate.
 38689 | Elf:2    | Found a radiant altar of Vehumet.
 38737 | Elf:2    | Reached XP level 20. HP: 116/129 MP: 37/37
 39735 | Elf:2    | Reached skill level 15 in Ice Magic
 39925 | Elf:3    | Entered Level 3 of the Elven Halls
 41263 | Elf:3    | Identified the cursed +0 leather armour "Qyoc Ina" {+Inv
                  | Regen+ Stlth-}
 41473 | Elf:3    | Identified the ring of the Heavens {rPois rN+ Str+7 Dex-3
                  | SInv}
 41487 | Elf:3    | Killed from afar by a deep elf annihilator

Illustrated notes

Levels and vault maps discovered:
D:1:      dpeg_arrival_arbitrary_b, layout_loops_ring, kennysheep_small_spiral
D:2:      minmay_recursive_quarters, layout_basic, first_ration,
          grunt_decor_arrowhead, minmay_misc_feat_nine_boxes, bloody_trog
D:3:      layout_rooms, overflow_temple_1_default
D:4:      layout_cave_pools, serial_shops, shop, chequers_serial_rivers_small_a,
          uniq_natasha
D:5:      layout_loops_ring, xom_confusion_cloud, uniq_blork_the_orc
D:6:      layout_loops_corners, ebering_ghost_xom, enter_ossuary_4,
          minmay_ruined_shrine
D:7:      cheibrodos_barr_body, layout_loops_corners, overflow_temple_1_default,
          minmay_temple_entry_trees, serial_glass, glass_columns_b,
          glass_columns_a, glass_columns_b, glass_columns_b, serial_shops, shop,
          uniq_pikel
D:8:      layout_basic, gammafunk_ghost_wrathful_warriors, david_nohive_1,
          lemuel_old_faithful, uniq_harold
D:9:      layout_cave_pools, lemuel_doored_altar,
          gammafunk_temple_overflow_arena, serial_shops, shop_fountains,
          gammafunk_ghost_berserking_beasts
D:10:     layout_basic, grunt_lair_entry_orc_guard_hut, orc_0_dummy, uniq_joseph
D:11:     layout_irregular_city, serial_shops, nicolae_shop_crystal,
          shop_statue, shop_fountains, shop, nicolae_shop_trees,
          roderic_roman_lattice, chequers_big_river,
          hangedman_abyss_or_decor_passed, uniq_urug, uniq_erica
D:12:     layout_roguey [special_room_orc], corner_web_ring, uniq_psyche
D:13:     layout_grid_maze, minmay_another_anthill
D:14:     layout_rooms, david_vaults_2, infiniplex_staircase_pool_1, basic_altar
D:15:     gammafunk_enter_depths_forms, layout_long_grid,
          portal_ice_cave_entry_imps, hangedman_abyss_or_decor_stagger,
          elyvilon_altar_3
Temple:   dpeg_five_rooms_temple
Lair:1:   layout_long_grid, serial_bayou_shore_a, infiniplex_staircase_pool,
          serial_bayou_shore_b, lemuel_fruit_fields, serial_bayou_shore_b
Lair:2:   layout_roguey, gammafunk_ghost_hive, minivault_25
Lair:3:   layout_chaotic_city, minmay_snake_entry_guardpost_medium
Lair:4:   layout_roguey, elwin_shoals_entry_stream, minmay_lair_oklob_chamber,
          lemuel_fruit_fields, lemuel_fruit_tree, uniq_josephine
Lair:5:   layout_hall_layers
Lair:6:   evilmike_catoblepas_cave, layout_misc_corridors, slime_altar_1
Shoals:1: layout_shoals, lemuel_oklob_altar
Shoals:2: layout_shoals, uniq_ilsuiw
Shoals:3: layout_shoals
Shoals:4: shoals_end_simple, layout_shoals
Snake:1:  cheibrodos_forgotten_conduit, layout_onion_interference, uniq_kirke
Snake:2:  layout_onion, uniq_aizul
Snake:3:  layout_grid_shapes
Snake:4:  johnstein_snake_rune_scales, layout_cave_town, basic_altar
Orc:1:    layout_diamond_mine
Orc:2:    grunt_orc_cross, layout_diamond_mine, uniq_sonja, uniq_erolcha,
          uniq_saint_roka
Elf:1:    eino_elf_arrival_sip, layout_loops_cross, serial_shops, shop,
          minmay_elf_demonology
Elf:2:    layout_geoelf_grid, basic_altar
Elf:3:    minmay_elf_hall_furrowed, layout_gridlike

Skill      XL: |  1  2  3  4  5  6  7  8  9 10 11 12 13 14 15 16 17 18 19 20 |
---------------+-------------------------------------------------------------+-----
Fighting       | 1 2 3 4 5 6 8 9 10 11 12 13 14 15 | 15.9
Spellcasting   | 3 4 5 6 7 8 9 10 11 12 13 14 | 14.0
Armour         | 1 2 3 4 6 7 8 9 10 11 12 13 14 15 | 15.8
Ice Magic      | 5 6 7 8 9 10 11 12 13 14 15 | 15.2
Dodging        | 2 3 4 5 6 7 8 9 10 11 12 | 12.8
Shields        | 2 4 5 7 9 10 11 12 13 | 13.6
Conjurations   | 2 5 6 |  6.0
Evocations     | 3 5 |  5.0
Earth Magic    | 2 5 7 9 |  9.5
Stealth        | |  2.1

Action                   |  1- 3 |  4- 6 |  7- 9 | 10-12 | 13-15 | 16-18 | 19-21 || total
-------------------------+-------+-------+-------+-------+-------+-------+-------++-------
Melee: Short sword       |   110 |   161 |   370 |   250 |   661 |   802 |   359 ||  2713
       Scimitar          |       |       |       |   118 |       |       |       ||   118
       Staff             |       |       |       |       |       |    11 |       ||    11
       Spear             |       |       |       |       |       |       |   243 ||   243
 Cast: Freeze            |     7 |     2 |     3 |       |     5 |    18 |       ||    35
       Frozen Ramparts   |       |    11 |    30 |    70 |   112 |    86 |    67 ||   376
       Hailstorm         |       |       |       |    19 |     7 |    14 |       ||    40
       Ozocubu's Refrige |       |       |       |       |   137 |   133 |   120 ||   390
 Abil: Fly               |       |       |       |       |       |     1 |       ||     1
Evoke: Wand              |       |       |     4 |     3 |       |       |       ||     7
  Use: Scroll            |       |       |    12 |     9 |    19 |     8 |     3 ||    51
       Potion            |       |       |       |       |       |       |     2 ||     2
 Stab: Sleeping          |     4 |       |     2 |     1 |     3 |       |       ||    10
       Paralysed         |       |       |     6 |       |       |       |       ||     6
       Distracted        |       |       |       |       |       |       |     1 ||     1
  Eat: Chunk             |     2 |     8 |    11 |    22 |    77 |    55 |    38 ||   213
       Ration            |       |       |     1 |     2 |     2 |     4 |     4 ||    13
Armor: Robe              |    32 |    72 |   160 |   202 |   130 |       |       ||   596
       Ring mail         |       |       |       |       |   226 |       |   284 ||   510
       Ice dragon scales |       |       |       |       |       |   572 |    62 ||   634
Dodge: Dodged            |    62 |   105 |   233 |   299 |   612 |   580 |   220 ||  2111
Block: Buckler           |       |       |       |       |   173 |   235 |       ||   408
       Kite shield       |       |       |       |       |       |    77 |   385 ||   462
       Rpst.: Scimitar   |       |       |       |    28 |       |       |       ||    28

Table legend:
 A = Non-vault XP
 B = Vault XP
 C = Vault XP percentage of total XP
 D = Non-vault monster count
 E = Vault monster count
 F = Vault count percentage of total count
                 A         B        C        D         E       F
            +---------+---------+-------+---------+---------+-------
      Total |  272753 |  207267 |  43.2 |     963 |     475 |  33.0
            +---------+---------+-------+---------+---------+-------
        D:1 |      45 |       0 |   0.0 |      21 |       0 |   0.0
        D:2 |     153 |      18 |  10.5 |      26 |       4 |  13.3
        D:3 |      48 |       0 |   0.0 |      19 |       0 |   0.0
        D:4 |     757 |      35 |   4.4 |      26 |       1 |   3.7
        D:5 |     564 |     355 |  38.6 |      11 |       5 |  31.2
        D:6 |    1170 |    1854 |  61.3 |      23 |      10 |  30.3
        D:7 |     936 |    1501 |  61.6 |      27 |      11 |  28.9
        D:8 |    1944 |    2147 |  52.5 |      33 |      16 |  32.7
        D:9 |     301 |    6830 |  95.8 |       6 |      13 |  68.4
       D:10 |     416 |     969 |  70.0 |       9 |       5 |  35.7
       D:11 |    6355 |    1707 |  21.2 |      46 |       2 |   4.2
       D:12 |    4115 |    1613 |  28.2 |      31 |      25 |  44.6
       D:13 |   10740 |    4877 |  31.2 |      55 |      26 |  32.1
       D:14 |    9809 |     615 |   5.9 |      37 |       3 |   7.5
       D:15 |   18858 |    8706 |  31.6 |      51 |      24 |  32.0
     Lair:1 |    5021 |       0 |   0.0 |      21 |       0 |   0.0
     Lair:2 |    2778 |    2631 |  48.6 |      17 |      11 |  39.3
     Lair:3 |    2215 |    1316 |  37.3 |      10 |       8 |  44.4
     Lair:4 |    5460 |    4668 |  46.1 |      19 |      12 |  38.7
     Lair:5 |    3296 |       0 |   0.0 |      11 |       0 |   0.0
     Lair:6 |   11439 |   11445 |  50.0 |      38 |      23 |  37.7
   Shoals:1 |   13414 |       0 |   0.0 |      26 |       0 |   0.0
   Shoals:2 |   12531 |    4788 |  27.6 |      25 |       5 |  16.7
   Shoals:3 |   12468 |       0 |   0.0 |      28 |       0 |   0.0
   Shoals:4 |    6602 |   17506 |  72.6 |      13 |      33 |  71.7
    Snake:1 |   19697 |    9301 |  32.1 |      41 |      16 |  28.1
    Snake:2 |   14606 |    1632 |  10.1 |      24 |       1 |   4.0
    Snake:3 |   24945 |       0 |   0.0 |      53 |       0 |   0.0
    Snake:4 |   17997 |   38816 |  68.3 |      30 |      68 |  69.4
      Orc:1 |    4838 |       0 |   0.0 |      60 |       0 |   0.0
      Orc:2 |    2221 |   15639 |  87.6 |      33 |      52 |  61.2
      Elf:1 |   15585 |    5279 |  25.3 |      25 |       8 |  24.2
      Elf:2 |   23344 |   23223 |  49.9 |      38 |      28 |  42.4
      Elf:3 |   18085 |   36080 |  66.6 |      30 |      22 |  42.3
    Ossuary |       0 |     416 | 100.0 |       0 |      32 | 100.0
      IceCv |       0 |    3300 | 100.0 |       0 |      11 | 100.0
            +---------+---------+-------+---------+---------+-------
